 Dungeon Crawl Stone Soup version 0.29.1-2-gbd0b4ee654 (webtiles) character file.

Game seed: 16219621536624296088

51 DildoBatman the Conjurer (level 4, -2/30 HPs)
             Began as a Formicid Conjurer on Nov 17, 2022.
             Slain by a gnoll
             ... wielding a +0 whip
              (7 damage)
             ... on level 2 of the Dungeon.
             The game lasted 00:02:35 (1266 turns).

DildoBatman the Conjurer (Formicid Conjurer)        Turns: 1266, Time: 00:02:36

Health: -2/30      AC:  3    Str: 12    XL:     4   Next: 5%
Magic:  4/7        EV: 12    Int: 17    God:
Gold:   40         SH:  0    Dex: 14    Spells: 4/7 levels left

rFire   . . .      SeeInvis +   k - +0 spear
rCold   + . .      Faith    .   (no shield)
rNeg    . . .      Spirit   .   a - +0 robe
rPois   .          Reflect  .   (helmet unavailable)
rElec   .          Harm     .   (no cloak)
rCorr   +          Rampage  .   o - +0 pair of gloves
Will    .....                   (no boots)
Stlth   ++........              (no amulet)
HPRegen 0.10/turn               p - ring of protection from cold
MPRegen 0.10/turn               n - ring of resist corrosion

@: no status effects
A: permanent stasis, dig shafts and tunnels, antennae 3, four strong arms
a: Dig, Shaft Self


You were on level 2 of the Dungeon.
You visited 1 branch of the dungeon, and saw 2 of its levels.

You collected 40 gold pieces.

Inventory:

Hand Weapons
 j - a +0 dagger
 k - a +0 spear (weapon)
Missiles
 l - 8 stones
 m - 3 poisoned darts
Armour
 a - a +0 robe (worn)
 e - a +0 kite shield
 o - a +0 pair of gloves (worn)
Jewellery
 n - a ring of resist corrosion (right hand)
 p - a ring of protection from cold (left hand)
Scrolls
 d - 2 scrolls of enchant armour {unknown}
 f - a scroll of vulnerability {unknown}
 g - a scroll of enchant weapon {unknown}
 h - 2 scrolls of magic mapping {unknown}
 q - a scroll of amnesia {unknown}
Potions
 b - 2 potions of magic
 c - a potion of mutation {unknown}
 i - a potion of heal wounds {unknown}
 r - a potion of attraction {unknown}


   Skills:
 - Level 1.7 Dodging
 - Level 2.4 Stealth
 - Level 2.1 Spellcasting
 * Level 4.9 Conjurations


You had 4 spell levels left.
You knew the following spells:

 Your Spells              Type           Power      Damage    Failure   Level
a - Searing Ray           Conj           36%        2d5       3%          2
c - Magic Dart            Conj           72%        1d6       2%          1

Your spell library contained the following spells:

 Spells                   Type           Power      Damage    Failure   Level
 Dazzling Flash           Conj/Hex       20%        N/A       21%         3
 Fulminant Prism          Conj/Hex       5%         3d7       56%         4
 Iskenderun's Mystic Bla  Conj/Tloc      10%        2d4       56%         4


Dungeon Overview and Level Annotations

Branches:
Dungeon (2/15)

Altars:

Shops:
D:1 *


Innate Abilities, Weirdness & Mutations

You cannot be hasted, slowed, berserked, paralysed or teleported.
You can dig through walls and to a lower floor.
You have a pair of large antennae on your head. (SInv)
Your four strong arms can wield two-handed weapons with a shield.


Message History

t - Shout!
Orders for allies: a - Attack new target. r - Retreat! s - Stop attacking. g - Guard the area. f - Follow me.
Anything else - Cancel.
You shout for attention!
The gnoll hits you with a +0 whip. What are your orders? t - Shout!
Orders for allies: a - Attack new target. r - Retreat! s - Stop attacking. g - Guard the area. f - Follow me.
Anything else - Cancel.
You shout for attention!
The gnoll hits you with a +0 whip. What are your orders? t - Shout!
Orders for allies: a - Attack new target. r - Retreat! s - Stop attacking. g - Guard the area. f - Follow me.
Anything else - Cancel.
You shout for attention!
The gnoll barely misses you. What are your orders? t - Shout!
Orders for allies: a - Attack new target. r - Retreat! s - Stop attacking. g - Guard the area. f - Follow me.
Anything else - Cancel.
You shout for attention!
The gnoll closely misses you. What are your orders? t - Shout!
Orders for allies: a - Attack new target. r - Retreat! s - Stop attacking. g - Guard the area. f - Follow me.
Anything else - Cancel.
You shout for attention!
The gnoll hits you with a +0 whip!
You die...

#.# #.# ##
#.# ..#
#.# #. #.#
#.# #.#
#.# g
#.######.#
#..@ggg..#
##########


You could see 3 gnolls.

Vanquished Creatures
  A gnoll (D:2)
  An adder (D:2)
  A dart slug (D:2)
  2 bats (D:1)
  5 endoplasms
  3 goblins
  3 hobgoblins (D:1)
  4 quokkas
  2 ball pythons (D:1)
  2 frilled lizards
  4 rats
28 creatures vanquished.

Notes
Turn   | Place    | Note
-------+----------+-------------------------------------------
     0 | D:1      | DildoBatman the Formicid Conjurer began the quest for the
                  | Orb.
     0 | D:1      | Reached XP level 1. HP: 13/13 MP: 3/3
   145 | D:1      | Reached skill level 4 in Conjurations
   145 | D:1      | Reached XP level 2. HP: 14/19 MP: 0/5
   152 | D:1      | Learned a level 2 spell: Searing Ray
   394 | D:1      | Found Mideo's General Store.
   664 | D:1      | Found a faded altar of an unknown god.
   921 | D:2      | Reached XP level 3. HP: 24/24 MP: 4/6
  1256 | D:2      | Reached XP level 4. HP: 24/30 MP: 3/7
  1266 | D:2      | Slain by a gnoll

Illustrated notes

Levels and vault maps discovered:
D:1:      dpeg_arrival_fog, layout_loops_corners, ebering_ecumenical_altar_rust,
          serial_shops, shop
D:2:      layout_loops_ring, serial_shops, shop_statue, uniq_jessica

Skill      XL: |  1 |
---------------+----+-----
Conjurations   | 4 |  4.9
Dodging        | |  1.7
Stealth        | |  2.4
Spellcasting   | |  2.1

Action                   |  1- 3 |  4- 6 || total
-------------------------+-------+-------++-------
Melee: Unarmed           |     1 |       ||     1
       Spear             |     7 |       ||     7
 Cast: Magic Dart        |    35 |       ||    35
       Searing Ray       |     4 |       ||     4
Armor: Robe              |       |     1 ||     1
Dodge: Dodged            |     9 |     4 ||    13
